 Dungeon Crawl Stone Soup version 0.16.0 (webtiles) character file.

275457 Fiveotanaka the Slayer (level 20, -15/358 HPs)
             Began as an Ogre Berserker on Mar 16, 2015.
             Was the Champion of Trog.
             Killed from afar by a quicksilver dragon (34 damage)
             ... with a bolt of dispelling energy
             ... on level 2 of the Depths on Mar 17, 2015.
             The game lasted 03:07:18 (41743 turns).

Fiveotanaka the Slayer (Ogre Berserker)            Turns: 41743, Time: 03:07:19

Health: -15/358    AC: 20    Str: 32    XL:     20   Next: 34%
Magic:  19/19      EV: 23    Int: 10    God:    Trog [******]
Gold:   3976       SH:  0    Dex: 21    Spells: 0 memorised, 19 levels left

rFire  + + +     SeeInvis .     G - +3 giant spiked club of Trog's Righteous Fury {freeze, *Rage rPois Int+4}
rCold  x . .     Rnd*Rage +     b - +0 fire dragon armour
rNeg   . . .     SustAb   .     (shield restricted)
rPois  +         Gourm    .     K - +1 hat {rF+}
rElec  .         Spirit   .     Q - +2 cloak {rPois}
rCorr  .         Warding  .     (gloves unavailable)
rMut   .         Stasis   .     (boots unavailable)
MR     +++..                    y - amulet of regeneration
Stlth  ..........               J - +4 ring of slaying
                                w - +6 ring of dexterity

@: berserking (expiring), very quick, extremely resistant to hostile
enchantments, extremely unstealthy
A: unfitting armour, slimy green scales 1, berserk 2, blurry vision 2,
deterioration 1, magic resistance 1, poison resistance, regeneration 1, tough
skin 1, placid magic 1
a: Burn Spellbooks, Berserk, Trog's Hand, Brothers in Arms, Renounce Religion
}: 2/15 runes: decaying, gossamer


You were on level 2 of the Depths.
You worshipped Trog.
Trog was exalted by your worship.
You were not hungry.

You visited 6 branches of the dungeon, and saw 39 of its levels.
You visited 1 bazaar.
You also visited: Bailey, Ice Cave and Volcano.

You collected 4767 gold pieces.
You spent 791 gold pieces at shops.

Inventory:

Hand weapons
 d - a +5 antimagic giant spiked club
 G - the +3 giant spiked club of Trog's Righteous Fury (weapon) {freeze, *Rage rPois Int+4}
   (Trog gifted it to you on level 5 of the Lair of Beasts)

   It has been specially enchanted to freeze those struck by it, causing extra
   injury to most foes and up to half again as much damage against particularly
   susceptible opponents.
   It can also slow down cold-blooded creatures.
   It affects your intelligence (+4).
   It protects you from poison.
   It may make you go berserk in combat.
 R - the +8 giant spiked club of Trog's Brutal Revenge {crush, rN+++ Dex-4}
   (Trog gifted it to you on level 2 of the Swamp)

   It inflicts extra damage upon your enemies.
   It affects your dexterity (-4).
   It renders you almost immune to negative energy.
Missiles
 l - 1151 stones (quivered)
 F - 42 large rocks
Armour
 b - a +0 fire dragon armour (worn)
 K - a +1 hat of fire resistance (worn)
 Q - a +2 cloak of poison resistance (worn)
Jewellery
 p - an uncursed ring of sustain abilities
 w - a +6 ring of dexterity (left hand)
 y - an amulet of regeneration (around neck)
 H - an uncursed ring of protection from cold
 J - a +4 ring of slaying (right hand)
 S - an uncursed amulet of warding
 X - an uncursed amulet of resist corrosion
Magical devices
 g - a wand of fire (5)
 k - a wand of magic darts (41)
 u - a wand of paralysis (1)
 C - a wand of teleportation (7)
 P - a wand of digging (13)
 T - a wand of polymorph (13)
 U - a wand of disintegration (17)
Scrolls
 e - a scroll of enchant armour
 f - 24 scrolls of remove curse
 h - 9 scrolls of blinking
 n - 10 scrolls of teleportation
 s - 7 scrolls of fear
 O - 7 scrolls of enchant weapon
 V - a scroll of fog
 W - 3 scrolls of magic mapping
Potions
 i - a potion of flight
 o - 6 potions of curing
 q - 6 potions of restore abilities
 r - 5 potions of resistance
 t - 3 potions of magic
 z - 7 potions of heal wounds
 B - 3 potions of might
 D - 2 potions of invisibility
 E - a potion of agility
 I - 5 potions of cancellation
 L - a potion of cure mutation
 M - 5 potions of berserk rage
 N - 7 potions of brilliance
 Y - 4 potions of haste
Miscellaneous
 A - a sack of spiders
Comestibles
 c - 17 meat rations
 j - a poisonous chunk of flesh
 v - 19 bread rations


   Skills:
 * Level 22.5 Fighting
 - Level 22.0 Maces & Flails
 + Level 12.6 Armour
 + Level 18.0 Dodging


You had 19 spell levels left.
You didn't know any spells.

Dungeon Overview and Level Annotations

Branches:
Dungeon (15/15)            Temple (0/1) D:5            Lair (8/8) D:9
  Swamp (5/5) Lair:6       Spider (5/5) Lair:5        Slime (0/6) Lair:8
    Orc (4/4) D:9             Elf (0/3) Orc:4        Vaults (0/5) D:13
 Depths (2/5) D:15

Altars:
Cheibriados
Dithmenos
Fedhas
Gozag
Kikubaaqudgha
Okawaru
Ru
Sif Muna
Trog
Xom
The Shining One
Beogh

Shops:
D:9 (   D:14 *   Orc:2 }   Orc:4 ([(:

Portals:
Hell: Depths:1
Trove: Depths:1 (give +2 storm dragon armour)

Annotations:
D:12 1 runed door, exclusion: orange crystal statue


Innate Abilities, Weirdness & Mutations

You are too large for most types of armour.
You have tough skin (AC +1).
You are partially covered in slimy green scales (AC +2).
You often lose your temper in combat.
Scrolls take you longer to read.
Your body is slowly deteriorating.
You are resistant to hostile enchantments.
Your system is resistant to poisons.
Your natural rate of healing is unusually fast.
Your spells are a little easier to cast, but a little less powerful.


Message History

The centaur warrior hits you but does no damage.
Unknown command.
You thump the stone giant!! You freeze the stone giant.
You kill the stone giant!
Trog accepts your kill.
The storm dragon moves out of view.
The deep elf priest closely misses you. The green ugly thing bites you.
* * * LOW HITPOINT WARNING * * *
The centaur warrior hits you but does no damage.
You hit the quicksilver dragon! You freeze the quicksilver dragon.
The quicksilver dragon is severely wounded.
The quicksilver dragon bites you but does no damage.
The quicksilver dragon claws you but does no damage.
You hit the quicksilver dragon! You freeze the quicksilver dragon.
The quicksilver dragon is severely wounded.
The centaur warrior hits you but does no damage.
The green ugly thing misses you.
The quicksilver dragon breathes energy at you.
The bolt of dispelling energy hits you!
You die...

...#....# .. ...#.#..# .V### .##
. ...#.##.###'..# ''##''
...##....#....## ''.2..# #
....#.#..##....###cLX..+ ##
..'##.##..#(.#..##Tie. ##.
##'.##....##†#⌠.Dec# ###..
#....#.....##)##ucT##########....
#....#')...###)[@D.#........#....
##....'#..## ##(e(''..#8⌠#.)''...
#...≈.#### ++#.#....##....#.#'
##..≈≈.## ###..........###.
##...≈.## ############...
##..≈≈.## ......≈ ##>.8≈.##
...≈8≈≈ ##..≈≈.### ..≈≈...
##......#### ...###


You could see a golden dragon, a quicksilver dragon, an iron troll, a lich, a
green death, a green ugly thing, a centaur warrior, a deep troll, a deep elf
high priest, a spriggan air mage, a large abomination, a deep elf priest, a deep
elf fighter and 2 centaurs.

Vanquished Creatures
  Mara (twice) (Swamp:3)
  A golden dragon (Depths:2)
  Nikola (Spider:1)
  A tentacled monstrosity (Swamp:5)
  A quicksilver dragon (Depths:2)
  Asterion (Swamp:1)
  A titan (Depths:2)
  2 sphinxes
  Agnes (Swamp:3)
  2 thorn hunters (Swamp:5)
  Frances (Swamp:3)
  Roxanne (Swamp:3)
  A tengu reaver (Depths:2)
  An azure jelly (Lair:8)
  Donald (Swamp:4)
  Wiglaf (Swamp:4)
  Maud (Lair:3)
  5 ghost moths
  2 frost giants (Depths:2)
  An orc warlord (Orc:4)
  Aizul (Swamp:3)
  7 emperor scorpions
  A deep elf sorcerer (Depths:2)
  2 fire giants
  3 very ugly things (Swamp:5)
  6 stone giants
  A spriggan defender (Depths:2)
  The ghost of edsrzf the Nimble, a powerful DrTm of Makhleb (Lair:8)
  5 dire elephants
  A crystal guardian (D:12)
  2 green deaths (Swamp:5)
  6 ettins
  Snorg (Lair:4)
  4 fire dragons
  8 vault guards (D:13)
  3 jiangshi (Depths:2)
  2 rakshasas (Depths:1)
  Fannar (Orc:3)
  4 ice dragons
  Nessos (Orc:3)
  14 hydras
  2 ghost crabs
  8 alligators
  5 centaur warriors
  20 death yaks
  2 ogre magi
  5 tengu warriors
  A vampire mage (Depths:2)
  A deep troll shaman (Depths:2)
  2 deep troll earth magi (Depths:2)
  A thrashing horror (Swamp:5)
  An orc high priest (Orc:4)
  A spriggan berserker (Swamp:2)
  2 deep elf knights (Depths:1)
  Erolcha (D:8)
  A hell knight (D:15)
  5 deep trolls (Depths:2)
  A wizard (Depths:2)
  4 unseen horrors
  The ghost of chequers the Carver, an experienced FoFi of Nemelex Xobeh (Bailey)
  2 hill giants (D:12)
  4 spriggan druids
  2 giant orange brains (Depths:1)
  6 swamp dragons (Swamp:5)
  A deep troll (shapeshifter) (Depths:2)
  2 ice statues (IceCv)
  Pikel (D:9)
  A lindwurm (Lair:3)
  9 orb spiders
  19 ugly things
  An oklob plant (Lair:7)
  A harpy (shapeshifter) (Depths:1)
  A wolf spider zombie (D:15)
  15 wolf spiders
  3 orc knights
  A moth of wrath (Spider:5)
  7 hornets
  5 cyclopes
  A hornet (shapeshifter) (D:14)
  2 griffons (D:12)
  3 toenail golems (Volcano)
  4 manticores
  3 centaur zombies
  2 orc sorcerers
  3 orange demons (Swamp:5)
  7 elephants
  A guardian serpent (Lair:8)
  4 black mambas
  10 torpor snails
  27 spiny frogs
  2 gargoyles
  A komodo dragon (shapeshifter) (D:15)
  2 demonic crawlers
  A hellwing (Swamp:3)
  14 komodo dragons
  10 yaktaurs
  3 deep elf priests
  5 fire drakes
  5 tengu conjurers
  A blue devil (Swamp:3)
  A troll (shapeshifter) (Depths:2)
  21 jumping spiders
  6 giant leeches
  A wandering mushroom (Lair:4)
  6 polar bears
  39 slime creatures
  2 trolls
  5 blink frogs (Lair:8)
  A raven (shapeshifter) (Depths:1)
  16 ravens
  A two-headed ogre (D:12)
  16 yaks
  A boulder beetle (shapeshifter) (Depths:2)
  5 boulder beetles
  15 bog bodies
  A spectral giant leech (Swamp:4)
  23 redbacks
  19 trapdoor spiders
  12 baby alligators (Swamp:3)
  16 tarantellas
  A hog (D:12)
  18 spriggans
  A wraith (D:11)
  2 water elementals (Depths:1)
  A wyvern (Lair:8)
  4 shadows
  3 basilisks
  2 vampires
  8 hippogriffs
  4 deep elf magi
  22 vampire mosquitoes
  2 deep elf fighters
  3 hungry ghosts
  25 swamp worms
  6 humans (Volcano)
  5 mottled dragons
  31 water moccasins
  20 insubstantial wisps
  Menkaure (D:4)
  11 wolves
  2 soldier ants
  4 steam dragons
  2 wargs
  19 porcupines
  19 wasps
  The ghost of JohnnyRipsauce the Changer, an average VSTm (D:6)
  7 sky beasts
  13 spiders
  50 orc warriors
  17 swamp drakes
  4 phantoms
  A boring beetle (Spider:3)
  14 ogres
  5 black bears
  2 slaves (D:9)
  2 eyes of draining (D:13)
  15 centaurs
  26 ice beasts
  Duvessa (D:6)
  4 big kobolds
  26 crocodiles
  A brain worm (D:14)
  12 scorpions
  22 giant frogs
  4 killer bees (D:8)
  A lava snake (Lair:2)
  8 crimson imps
  9 electric eels
  A giant frog zombie (D:12)
  Dowan (D:6)
  13 wights
  2 quasits
  A goliath beetle (D:6)
  20 hounds
  39 orc priests
  25 jellies
  7 centaur skeletons
  2 giant frog skeletons
  13 worker ants
  38 orc wizards
  Natasha (D:3)
  10 iguanas
  14 sheep
  Ijyb (D:2)
  2 hound skeletons (D:5)
  A mummy (D:7)
  48 river rats
  8 gnolls
  29 adders
  A giant mite (D:3)
  4 shadow imps
  2 worms
  2 orc zombies (Orc:2)
  An adder skeleton (D:4)
  An ooze (D:1)
  213 orcs
  A bat skeleton (D:5)
  7 giant cockroaches
  22 goblins
  13 hobgoblins
  31 kobolds
  5 quokkas
  17 bats
  6 giant geckos
  3 giant newts
  2 giant spores
  13 jackals
  14 rats
  10 ballistomycetes
  A bush (Lair:5)
  2 plants
1673 creatures vanquished.

Vanquished Creatures (others)
  A slave (D:9)
  2 hounds (D:9)
  2 worker ants (D:9)
  An adder (D:9)
  4 orcs (D:11)
  2 giant spores
  2 kobolds
  A ballistomycete (D:14)
  A briar patch (Swamp:4)
  10 fungi (Lair:8)
  3 plants
29 creatures vanquished.

Grand Total: 1702 creatures vanquished

Notes
Turn   | Place    | Note
--------------------------------------------------------------
     0 | D:1      | Fiveotanaka, the Ogre Berserker, began the quest for the Orb.
     0 | D:1      | Reached XP level 1. HP: 24/24 MP: 1/1
   136 | D:1      | Reached XP level 2. HP: 30/32 MP: 2/2
   202 | D:1      | Acquired Trog's second power
   202 | D:1      | Reached skill level 5 in Maces & Flails
   569 | D:2      | Reached XP level 3. HP: 39/39 MP: 3/3
   733 | D:2      | Noticed Ijyb
   744 | D:2      | Killed Ijyb
   744 | D:2      | Reached skill level 6 in Maces & Flails
   932 | D:2      | Reached XP level 4. HP: 41/48 MP: 4/4
  1315 | D:3      | Received a gift from Trog
  1397 | D:3      | Reached skill level 7 in Maces & Flails
  1407 | D:3      | Reached XP level 5. HP: 29/54 MP: 5/5
  1543 | D:3      | Reached skill level 8 in Maces & Flails
  1935 | D:3      | Noticed Natasha
  1947 | D:3      | Killed Natasha
  1947 | D:3      | Reached XP level 6. HP: 12/62 MP: 6/6
  2360 | D:4      | Found an ancient bone altar of Kikubaaqudgha.
  2360 | D:4      | Found a shimmering altar of Xom.
  2363 | D:4      | Reached skill level 9 in Maces & Flails
  2390 | D:4      | Found a blossoming altar of Fedhas.
  2390 | D:4      | Found an iron altar of Okawaru.
  2390 | D:4      | Found an opulent altar of Gozag.
  2392 | D:4      | Found a deep blue altar of Sif Muna.
  2898 | D:4      | Acquired Trog's third power
  2960 | D:4      | Noticed Menkaure
  2965 | D:4      | Killed Menkaure
  2965 | D:4      | Reached skill level 10 in Maces & Flails
  2965 | D:4      | Reached XP level 7. HP: 62/70 MP: 7/7
  3472 | D:5      | Entered Level 5 of the Dungeon
  3499 | D:5      | Reached skill level 11 in Maces & Flails
  3534 | D:5      | Found a staircase to the Ecumenical Temple.
  3816 | D:5      | Reached XP level 8. HP: 65/78 MP: 8/8
  3870 | D:5      | Reached skill level 12 in Maces & Flails
  4006 | D:5      | Reached skill level 13 in Maces & Flails
  4528 | D:6      | Noticed JohnnyRipsauce's ghost (average VSTm)
  4537 | D:6      | Killed JohnnyRipsauce's ghost
  4668 | D:6      | Reached skill level 14 in Maces & Flails
  4669 | D:6      | Reached XP level 9. HP: 76/84 MP: 9/9
  4837 | D:6      | Noticed Dowan
  4838 | D:6      | Noticed Duvessa
  4994 | D:6      | Killed Duvessa
  4997 | D:6      | Killed Dowan
  5433 | D:7      | Found a glowing golden altar of the Shining One.
  5494 | D:7      | Found a bloodstained altar of Trog.
  5539 | D:7      | Found a roughly hewn altar of Beogh.
  5620 | D:7      | Got a steaming whip
  5621 | D:7      | Identified the +4 whip "Zaul" {freeze, rPois rN+ Dex+4 Stlth-} (You found it on level 7 of the Dungeon)
  5674 | D:7      | Reached skill level 5 in Dodging
  5708 | D:7      | Reached skill level 15 in Maces & Flails
  5712 | D:7      | Gained mutation: You have a pair of small horns on your head. [mutagenic meat]
  5713 | D:7      | Gained mutation: Your mind is acute. (Int +2) [mutagenic meat]
  5791 | D:8      | Noticed Erolcha
  5872 | D:8      | Killed Erolcha
  5872 | D:8      | Reached XP level 10. HP: 77/92 MP: 10/10
  6210 | D:8      | Received a gift from Trog
  6337 | D:8      | Reached skill level 16 in Maces & Flails
  6871 | D:8      | Gained mutation: Scrolls take you a little longer to read. [mutagenic meat]
  7038 | D:9      | Noticed Pikel
  7044 | D:9      | Found a staircase to the Orcish Mines.
  7058 | D:9      | Killed Pikel
  7357 | D:9      | Gained mutation: You evolve. [mutagenic meat]
  7361 | D:9      | Found Aroskootu's Antique Weapon Shop.
  7397 | D:9      | Bought a runed morningstar for 100 gold pieces
  7599 | D:9      | Gained mutation: Your spells are a little harder to cast, but a little more powerful. [evolution]
  7852 | D:9      | Found a staircase to the Lair.
  8047 | Lair:1   | Entered Level 1 of the Lair of Beasts
  8256 | Lair:1   | Reached skill level 17 in Maces & Flails
  8320 | Lair:1   | Reached XP level 11. HP: 98/100 MP: 11/11
  8322 | Lair:1   | Received a gift from Trog
  8805 | Lair:1   | Noticed a four-headed hydra
  8809 | Lair:1   | Killed a four-headed hydra
  9453 | Lair:2   | Received a gift from Trog
  9654 | Lair:2   | Reached skill level 18 in Maces & Flails
 10114 | Lair:3   | Reached skill level 10 in Dodging
 10139 | Lair:3   | Noticed Maud
 10146 | Lair:3   | Killed Maud
 10283 | Lair:3   | Found a dark tunnel.
 10284 | Lair:3   | Noticed a lindwurm
 10320 | Lair:3   | Killed a lindwurm
 10320 | Lair:3   | Reached XP level 12. HP: 75/107 MP: 12/12
 10439 | Volcano  | Entered a volcano
 10564 | Volcano  | Gained mutation: Your spells are harder to cast, but more powerful. [evolution]
 10564 | Volcano  | Lost mutation: You evolve. [end of evolution]
 10822 | Lair:3   | Noticed an eight-headed hydra
 10829 | Lair:3   | Killed an eight-headed hydra
 10859 | Lair:3   | Noticed a five-headed hydra
 10873 | Lair:3   | Killed a five-headed hydra
 10873 | Lair:3   | Reached skill level 19 in Maces & Flails
 12113 | Lair:4   | Received a gift from Trog
 12120 | Lair:4   | Got a crude giant club {god gift}
 12121 | Lair:4   | Identified the +5 giant club of Strozeiph {crush, Int+2} (Trog gifted it to you on level 4 of the Lair of Beasts)
 12604 | Lair:4   | Noticed Snorg
 12610 | Lair:4   | Killed Snorg
 13704 | Lair:5   | Reached XP level 13. HP: 114/114 MP: 13/13
 13714 | Lair:5   | Received a gift from Trog
 13717 | Lair:5   | Got a transparent giant spiked club {god gift}
 13718 | Lair:5   | Identified the +3 giant spiked club of Trog's Righteous Fury {freeze, *Rage rPois Int+4} (Trog gifted it to you on level 5 of the Lair of Beasts)
 13729 | Lair:5   | Found a hole to the Spider Nest.
 14000 | Lair:6   | Found a frozen archway.
 14042 | IceCv    | Entered an ice cave
 14191 | IceCv    | Reached skill level 20 in Maces & Flails
 14866 | Lair:6   | Found a snail-covered altar of Cheibriados.
 15105 | Lair:6   | Found a staircase to the Swamp.
 16335 | Lair:8   | Entered Level 8 of the Lair of Beasts
 16433 | Lair:8   | Found a staircase to the Slime Pits.
 16473 | Lair:8   | Received a gift from Trog
 16508 | Lair:8   | Noticed edsrzf's ghost (powerful DrTm)
 16510 | Lair:8   | Reached skill level 21 in Maces & Flails
 16515 | Lair:8   | Killed edsrzf's ghost
 16659 | Lair:8   | Reached XP level 14. HP: 123/123 MP: 14/14
 16774 | Lair:8   | Noticed an azure jelly
 16780 | Lair:8   | Killed an azure jelly
 17708 | Lair:8   | Received a gift from Trog
 17712 | Lair:8   | Got a pitted giant spiked club {god gift}
 17716 | Lair:8   | Identified the +7 giant spiked club of Yhecui {vamp, -Tele rF- Str+2 Dex+7} (Trog gifted it to you on level 8 of the Lair of Beasts)
 18239 | Lair:8   | Reached skill level 5 in Armour
 18359 | Lair:8   | Lost mutation: Your spells are harder to cast, but more powerful. [mutagenic meat]
 18493 | Lair:8   | Reached skill level 22 in Maces & Flails
 18784 | Lair:8   | Reached skill level 5 in Fighting
 19177 | Lair:8   | Received a gift from Trog
 19571 | Orc:1    | Entered Level 1 of the Orcish Mines
 19924 | Orc:2    | Found a roughly hewn altar of Beogh.
 19935 | Orc:2    | Received a gift from Trog
 20363 | Orc:3    | Reached XP level 15. HP: 139/139 MP: 15/15
 20428 | Orc:3    | Noticed Nessos
 20456 | Orc:3    | Killed Nessos
 20646 | Orc:3    | Noticed Fannar
 20661 | Orc:3    | Killed Fannar
 20840 | Orc:3    | Received a gift from Trog
 21000 | Orc:4    | Entered Level 4 of the Orcish Mines
 21357 | Orc:4    | Received a gift from Trog
 21637 | Orc:4    | Found a roughly hewn altar of Beogh.
 21637 | Orc:4    | Found Osocesir's Weapon Boutique.
 21725 | Orc:4    | Found a roughly hewn altar of Beogh.
 21764 | Orc:4    | Found a roughly hewn altar of Beogh.
 21764 | Orc:4    | Found Grof's Book Emporium.
 21831 | Orc:4    | Received a gift from Trog
 21920 | Orc:4    | Found a roughly hewn altar of Beogh.
 22022 | Orc:4    | Found a staircase to the Elven Halls.
 22377 | Orc:4    | Found a roughly hewn altar of Beogh.
 22607 | Orc:4    | Received a gift from Trog
 22662 | Orc:4    | Found a roughly hewn altar of Beogh.
 22664 | Orc:4    | Found Thoj's Antique Weapon Shoppe.
 22739 | Orc:4    | Found Wantuwib's Antique Armour Emporium.
 22956 | Orc:2    | Found Zuocuy's Gadget Boutique.
 23564 | Orc:1    | Received a gift from Trog
 23712 | D:10     | Entered Level 10 of the Dungeon
 24776 | D:11     | Gained mutation: You are weak. (Str -2) [mutagenic meat]
 24777 | D:11     | Gained mutation: Your mind is very acute. (Int +4) [mutagenic meat]
 24984 | D:11     | Received a gift from Trog
 25538 | D:12     | Reached skill level 10 in Fighting
 25642 | D:12     | Found a flagged portal.
 25680 | D:12     | Reached skill level 15 in Dodging
 25711 | Bailey   | Entered a bailey
 26238 | Bailey   | Noticed chequers' ghost (experienced FoFi)
 26243 | Bailey   | Killed chequers' ghost
 26726 | D:12     | Found a gateway to a bazaar.
 26731 | Bazaar   | Entered a bazaar
 26735 | Bazaar   | Found Xaetyem's Antique Armour Boutique.
 26752 | Bazaar   | Found Psamneir's Armour Shoppe.
 26791 | Bazaar   | Found Idaigaum's Assorted Antiques.
 26796 | Bazaar   | Bought a scroll of identify for 48 gold pieces
 26796 | Bazaar   | Bought 3 scrolls labeled XUGHAA CUOK for 72 gold pieces
 26796 | Bazaar   | Bought 3 scrolls of teleportation for 216 gold pieces
 26813 | Bazaar   | Found Atunli's Weapon Emporium.
 26896 | Bazaar   | Bought the +0 robe of Xom's Wrath {rF+ rC+} for 195 gold pieces
 27040 | D:12     | Found a runed door.
 27221 | D:12     | Gained mutation: Your spells are harder to cast, but more powerful. [mutagenic meat]
 27232 | D:12     | Found a huge runed gate.
 27232 | D:12     | Found a huge runed gate.
 27232 | D:12     | Found a huge runed gate.
 27232 | D:12     | Found a huge runed gate.
 27284 | D:12     | Received a gift from Trog
 27295 | D:12     | Got a slimy eveningstar {god gift}
 27296 | D:12     | Identified the +6 eveningstar of Dim Light {crush, rF+ Str-2 Int+4} (Trog gifted it to you on level 12 of the Dungeon)
 27698 | D:13     | Found a gate to the Vaults.
 27718 | D:13     | Reached XP level 16. HP: 145/165 MP: 5/16
 28319 | D:14     | Received a gift from Trog
 28570 | D:14     | Found Kaul's General Store.
 28574 | D:14     | Bought a potion of heal wounds for 80 gold pieces
 28574 | D:14     | Bought a meat ration for 80 gold pieces
 28578 | D:14     | Found a sacrificial altar of Ru.
 28859 | D:15     | Entered Level 15 of the Dungeon
 28870 | D:15     | Gained mutation: You have a pair of horns on your head. [mutagenic meat]
 29135 | D:15     | Found a staircase to the Depths.
 29465 | D:15     | Found a shadowy altar of Dithmenos.
 29557 | Depths:1 | Entered Level 1 of the Depths
 29710 | Depths:1 | Noticed a sphinx
 29715 | Depths:1 | Killed a sphinx
 29721 | Depths:1 | Received a gift from Trog
 29880 | Depths:1 | Lost mutation: Your spells are harder to cast, but more powerful. [mutagenic meat]
 29881 | Depths:1 | Gained mutation: You tend to lose your temper in combat. [mutagenic meat]
 29892 | Depths:1 | Gained mutation: Your natural rate of healing is unusually fast. [mutagenic meat]
 29893 | Depths:1 | Gained mutation: You often lose your temper in combat. [mutagenic meat]
 29896 | Depths:1 | Lost mutation: Your spells are a little harder to cast, but a little more powerful. [mutagenic meat]
 29897 | Depths:1 | Gained mutation: Your system is resistant to poisons. [mutagenic meat]
 29898 | Depths:1 | Gained mutation: You are partially covered in large bone plates (AC +2, SH +2). [mutagenic meat]
 29978 | Depths:1 | Found a portal to a secret trove of treasure.
 29995 | Depths:1 | Reached skill level 15 in Fighting
 30490 | Swamp:1  | Entered Level 1 of the Swamp
 30536 | Swamp:1  | Noticed Asterion
 30540 | Swamp:1  | Noticed a spectral weapon
 30545 | Swamp:1  | Killed Asterion
 30545 | Swamp:1  | Reached XP level 17. HP: 180/184 MP: 17/17
 32216 | Swamp:2  | Received a gift from Trog
 32220 | Swamp:2  | Got a crystal giant spiked club {god gift}
 32221 | Swamp:2  | Identified the +8 giant spiked club of Trog's Brutal Revenge {crush, rN+++ Dex-4} (Trog gifted it to you on level 2 of the Swamp)
 32414 | Swamp:2  | Reached skill level 10 in Armour
 32468 | Swamp:3  | Noticed Aizul
 32476 | Swamp:3  | Killed Aizul
 32502 | Swamp:3  | Lost mutation: Your mind is very acute. (Int +4) [mutagenic meat]
 32503 | Swamp:3  | Lost mutation: You have a pair of horns on your head. [mutagenic meat]
 32504 | Swamp:3  | Gained mutation: You are resistant to hostile enchantments. [mutagenic meat]
 32564 | Swamp:3  | Noticed Roxanne
 32786 | Swamp:3  | Killed Roxanne
 33064 | Swamp:3  | Noticed Frances
 33115 | Swamp:3  | Noticed Mara
 33118 | Swamp:3  | Noticed Fiveotanaka's illusion
 33124 | Swamp:3  | Killed Mara
 33128 | Swamp:3  | Killed Mara
 33348 | Swamp:3  | Killed Frances
 33436 | Swamp:3  | Received a gift from Trog
 33520 | Swamp:3  | Noticed Agnes
 33539 | Swamp:3  | Killed Agnes
 33812 | Swamp:4  | Noticed Donald
 33820 | Swamp:4  | Killed Donald
 33869 | Swamp:4  | Noticed Wiglaf
 33884 | Swamp:4  | Killed Wiglaf
 34282 | Swamp:4  | Reached XP level 18. HP: 202/202 MP: 18/18
 34465 | Swamp:5  | Entered Level 5 of the Swamp
 34812 | Swamp:5  | Received a gift from Trog
 34991 | Swamp:5  | Gained mutation: Your body is slowly deteriorating. [mutagenic meat]
 34992 | Swamp:5  | Gained mutation: You are agile. (Dex +2) [mutagenic meat]
 35041 | Swamp:5  | Noticed a tentacled monstrosity
 35044 | Swamp:5  | Killed a tentacled monstrosity
 35092 | Swamp:5  | Gained mutation: You are partially covered in slimy green scales (AC +2). [mutagenic meat]
 35094 | Swamp:5  | Lost mutation: You are partially covered in large bone plates (AC +2, SH +2). [mutagenic meat]
 35550 | Swamp:5  | Got a decaying rune of Zot
 35798 | Spider:1 | Entered Level 1 of the Spider Nest
 35825 | Spider:1 | Noticed Nikola
 35833 | Spider:1 | Killed Nikola
 35948 | Spider:1 | Got a crude iron ring
 35950 | Spider:1 | Identified the ring "Stron" {+Fly rF- AC+1 Str-3 Int+6 Dex+3} (You found it on level 1 of the Spider Nest)
 36021 | Spider:1 | Received a gift from Trog
 36708 | Spider:2 | Received a gift from Trog
 38635 | Spider:5 | Entered Level 5 of the Spider Nest
 38656 | Spider:5 | Reached XP level 19. HP: 206/218 MP: 18/18
 39208 | Spider:5 | Received a gift from Trog
 39413 | Spider:5 | Received a gift from Trog
 39630 | Spider:5 | Got a gossamer rune of Zot
 40402 | Depths:1 | Found a gateway to Hell.
 41122 | Depths:2 | Gained mutation: Your spells are a little easier to cast, but a little less powerful. [mutagenic meat]
 41123 | Depths:2 | Lost mutation: You have a pair of small horns on your head. [mutagenic meat]
 41230 | Depths:2 | Lost mutation: You are resistant to hostile enchantments. [potion of mutation]
 41230 | Depths:2 | Gained mutation: Your body is deteriorating. [potion of mutation]
 41258 | Depths:2 | Received a gift from Trog
 41357 | Depths:2 | Lost mutation: You are weak. (Str -2) [mutagenic meat]
 41359 | Depths:2 | Gained mutation: Scrolls take you longer to read. [mutagenic meat]
 41360 | Depths:2 | Gained mutation: You are resistant to hostile enchantments. [mutagenic meat]
 41361 | Depths:2 | Lost mutation: You are agile. (Dex +2) [mutagenic meat]
 41362 | Depths:2 | Lost mutation: Your body is deteriorating. [mutagenic meat]
 41365 | Depths:2 | Lost mutation: Your mind is acute. (Int +2) [mutagenic meat]
 41673 | Depths:2 | Noticed a golden dragon
 41677 | Depths:2 | Reached XP level 20. HP: 236/236 MP: 19/19
 41688 | Depths:2 | Killed a golden dragon
 41702 | Depths:2 | Noticed a golden dragon
 41728 | Depths:2 | Received a gift from Trog
 41741 | Depths:2 | HP: 17/358 [green ugly thing (6)]
 41743 | Depths:2 | Killed from afar by a quicksilver dragon

Action                   |  1- 3 |  4- 6 |  7- 9 | 10-12 | 13-15 | 16-18 | 19-21 || total
-------------------------+-------+-------+-------+-------+-------+-------+-------++-------
Melee: Mace              |   100 |   138 |       |       |       |       |       ||   238
       Flail             |       |     4 |   200 |       |       |       |       ||   204
       Morningstar       |       |       |    45 |   472 |   797 |       |       ||  1314
       Giant spiked club |       |       |       |       |   400 |   856 |   318 ||  1574
Throw: Stone             |       |     1 |       |       |       |       |       ||     1
Invok: Berserk           |       |     1 |     1 |     2 |     5 |     2 |     1 ||    12
       Burn Spellbooks   |       |       |       |       |     1 |     2 |       ||     3
       Trog's Hand       |       |       |       |       |       |     1 |     1 ||     2
Evoke: Wand              |       |       |       |       |     1 |       |     1 ||     2
  Use: Scroll            |       |     4 |     3 |    11 |    15 |    10 |     3 ||    46
       Potion            |       |       |       |       |     8 |     1 |     1 ||    10
 Stab: Sleeping          |     1 |       |     5 |     6 |       |       |       ||    12
       Distracted        |       |       |     1 |       |     1 |       |       ||     2
  Eat: Chunk             |       |     4 |    11 |    24 |    33 |    68 |    32 ||   172
       Meat ration       |       |     1 |       |       |       |       |       ||     1
       Royal jelly       |       |       |       |     1 |     2 |     3 |     1 ||     7
       Beef jerky        |       |       |       |     1 |       |     4 |       ||     5
       Bread ration      |       |       |       |       |     5 |     1 |     1 ||     7
       Pizza             |       |       |       |       |     1 |     1 |       ||     2
